 Dungeon Crawl Stone Soup version 0.27-a0-333-gfa571bf19a (webtiles) character file.

Game seed: 17612523569399152006

3105 ReteAZ the Arsonist (level 9, -14/50 HPs)
             Began as an Octopode Fire Elementalist on Feb 12, 2021.
             Was a Follower of Hepliaklqana.
             Demolished by an orc warrior
             ... wielding a +0 halberd
              (21 damage)
             ... on level 8 of the Dungeon.
             The game lasted 00:11:47 (9724 turns).

ReteAZ the Arsonist (Octopode Fire Elementalist)    Turns: 9724, Time: 00:11:47

Health: -14/50     AC:  1    Str:  8    XL:     9   Next: 90%
Magic:  12/25      EV: 14    Int: 24    God:    Hepliaklqana [*.....]
Gold:   369        SH:  5    Dex: 13    Spells: 14/18 levels left

rFire    . . .     SeeInvis +   H - +3 dagger "Blob" {venom, rC+ Int+5}
rCold    + . .     Faith    .   y - +0 buckler
rNeg     . . .     Spirit   .   (helmet restricted)
rPois    .         Reflect  .   (no amulet)
rElec    .         Harm     .   i - ring of see invisible
rCorr    .         Rampage  .   q - ring of magical power
Will     .....                  (no ring)
Stlth    +++.......             (no ring)
HPRegen  0.16/turn              (no ring)
MPRegen  0.19/turn              (no ring)
                                (no ring)
                                (no ring)

@: no status effects
A: almost no armour, stealthy swim, amphibious, 8 rings, constrict 8, reduced
essence, camouflage 1, gelatinous body 1
a: Renounce Religion, Recall Ancestor, Ancestor Identity


You were on level 8 of the Dungeon.
You worshipped Hepliaklqana.
Hepliaklqana was aware of your devotion.
You visited 2 branches of the dungeon, and saw 9 of its levels.

You collected 369 gold pieces.

Inventory:

Hand Weapons
 k - a +0 dagger of venom
 E - a +2 flail of draining
 F - a +4 long sword of freezing
 G - a +0 spectral quarterstaff
 H - the +3 dagger "Blob" (weapon) {venom, rC+ Int+5}
   (You found it on level 8 of the Dungeon)

   It poisons the flesh of those it strikes.
   It affects your intelligence (+5).
   It protects you from cold.
Armour
 y - a +0 buckler (worn)
Jewellery
 i - a ring of see invisible (left tentacle)
 q - a ring of magical power (right tentacle)
Wands
 u - a wand of mindburst (12)
 z - a wand of iceblast (9)
Scrolls
 a - 3 scrolls of identify {unknown}
 b - a scroll of fear {unknown}
 c - 3 scrolls of enchant weapon {unknown}
 d - 3 scrolls of immolation {unknown}
 g - 3 scrolls of amnesia {unknown}
 h - a scroll of fog {unknown}
 j - 3 scrolls of enchant armour {unknown}
 t - a scroll of magic mapping {unknown}
 v - 3 scrolls of teleportation {unknown}
 w - a scroll of torment {unknown}
 A - 3 scrolls of blinking {unknown}
 C - a scroll of holy word {unknown}
Potions
 e - a potion of attraction
 f - 3 potions of heal wounds
 l - 2 potions of haste {unknown}
 m - 2 potions of degeneration {unknown}
 n - 3 potions of ambrosia {unknown}
 o - 3 potions of curing {unknown}
 p - a potion of resistance
 r - 3 potions of brilliance {unknown}
 s - a potion of flight
 x - 4 potions of cancellation {unknown}
 B - a potion of invisibility {unknown}
 D - a potion of might {unknown}


   Skills:
 + Level 3.0 Fighting
 + Level 3.7 Dodging
 - Level 2.6 Stealth
 - Level 4.0 Shields
 - Level 5.0 Spellcasting
 + Level 6.0 Conjurations
 + Level 9.5 Fire Magic


You had 14 spell levels left.
You knew the following spells:

 Your Spells              Type           Power        Failure   Level
a - Foxfire               Conj/Fire      100%         1%          1
b - Conjure Flame         Conj/Fire      43%          1%          3

Your spell library contained the following spells:

 Spells                   Type           Power        Failure   Level
 Inner Flame              Hex/Fire       28%          3%          3
 Sticky Flame             Conj/Fire      43%          3%          4
 Fireball                 Conj/Fire      21%          10%         5


Dungeon Overview and Level Annotations

Branches:
Dungeon (8/15)             Temple (1/1) D:5
   Lair: D:8-11

Altars:
Ashenzari
Cheibriados
Dithmenos
Elyvilon
Fedhas
Gozag
Hepliaklqana
Kikubaaqudgha
Makhleb
Nemelex Xobeh
Okawaru
Qazlal
Ru
Sif Muna
Trog
Uskayaw
Vehumet
Wu Jian
Xom
Yredelemnul
Zin
The Shining One

Annotations:
D:7 1 runed translucent door, Crazy Yiuf


Innate Abilities, Weirdness & Mutations

You cannot wear most types of armour.
You are very stealthy in the water. (Stealth+)
You are amphibious.
You can wear up to eight rings at the same time.
You can use your tentacles to constrict eight enemies at once.
Your skin changes colour to match your surroundings (Stealth+).
Your rubbery body absorbs attacks. (AC +1, EV +1)
Your life essence is reduced to manifest your ancestor. (-10% HP)


Message History

The orc warrior is heavily wounded.
You conjure some foxfire!
The foxfire hits the orc warrior but does no damage.
The orc warrior is heavily wounded.
The foxfire hits the orc warrior but does no damage.
The orc warrior is heavily wounded.
You conjure some foxfire!
The foxfire hits the orc warrior.
The orc warrior is heavily wounded.
The foxfire hits the orc warrior.
The orc warrior is severely wounded.
You conjure some foxfire!
The foxfire hits the orc warrior but does no damage.
The orc warrior is severely wounded.
The foxfire hits the orc warrior but does no damage.
The orc warrior is severely wounded.
You conjure some foxfire!
The foxfire hits the orc warrior but does no damage.
The orc warrior is severely wounded.
The foxfire hits the orc warrior but does no damage.
The orc warrior is severely wounded.
The foxfire hits the orc warrior but does no damage.
The orc warrior is severely wounded.
The orc warrior hits you from afar with a +0 halberd!
You conjure some foxfire!
The foxfire hits the orc warrior but does no damage.
The orc warrior is severely wounded.
The foxfire hits the orc warrior.
The orc warrior is severely wounded.
The orc priest calls down the wrath of Beogh upon you.
Beogh smites you!
You are too injured to fight recklessly!
You are too injured to fight recklessly!
Your foxfire dissipates!
The foxfire hits the orc warrior.
The orc warrior is almost dead.
The orc priest invokes the aid of Beogh against you.
Beogh smites you!
* * * LOW HITPOINT WARNING * * *
The orc warrior hits you from afar with a +0 halberd!!
You die...

#.......) #.......#
#.......# ######
########'######
#.....####.....##......#
#......................#
#......................#
#......................#
#...##ยง@#########....#..
#.. #..# ####+###
#......o..# #.....o...#
#.........# #.........+
#.........# #......)..#
#...##..###


You could see an orc warrior and an orc priest.

Vanquished Creatures
  Menkaure (D:7)
  Edmund (D:6)
  A water moccasin (D:6)
  An orc warrior (D:4)
  2 ice beasts
  2 sky beasts (D:6)
  An ogre (D:6)
  3 centaurs
  2 phantoms (D:6)
  A bullfrog (D:6)
  A gnoll sergeant (D:8)
  2 scorpions (D:5)
  A howler monkey (D:5)
  5 wights (D:7)
  A bullfrog zombie (D:5)
  2 centaur zombies
  2 hounds
  3 jellies
  2 orc priests
  2 bullfrog skeletons
  2 centaur skeletons (D:4)
  An iguana (D:8)
  2 worker ants
  9 orc wizards
  A hound zombie (D:4)
  2 hound skeletons
  A howler monkey zombie (D:4)
  A howler monkey skeleton (D:6)
  A worker ant zombie (D:4)
  6 gnolls
  7 adders
  A shadow imp (D:5)
  A white imp (D:6)
  An ufetubus (D:7)
  2 oozes
  2 adder skeletons (D:4)
  2 worms
  3 dart slugs
  A leopard gecko (D:6)
  26 orcs
  5 bats
  2 giant cockroaches
  4 goblins
  7 hobgoblins
  3 jackals (D:2)
  3 quokkas
  2 ball pythons
  3 frilled lizards
  A giant cockroach zombie (D:4)
  2 jackal zombies (D:4)
  11 kobolds
  A quokka skeleton (D:4)
  A quokka zombie (D:8)
  7 rats
160 creatures vanquished.

Vanquished Creatures (collateral kills)
  A sky beast (D:7)
  An ogre (D:7)
  A phantom (D:8)
  An iguana (D:6)
  A worker ant (D:7)
  A gnoll (D:8)
  An adder (D:6)
  An ufetubus (D:7)
  A foxfire (D:4)
9 creatures vanquished.

Vanquished Creatures (others)
  An ancestor (D:8)
  A quokka (D:2)
  A kobold (D:2)
  967 foxfires
970 creatures vanquished.

Grand Total: 1139 creatures vanquished

Notes
Turn   | Place    | Note
-------+----------+-------------------------------------------
     0 | D:1      | ReteAZ the Octopode Fire Elementalist began the quest for
                  | the Orb.
     0 | D:1      | Reached XP level 1. HP: 11/11 MP: 3/3
   220 | D:1      | Reached XP level 2. HP: 17/17 MP: 5/5
   571 | D:1      | Reached XP level 3. HP: 21/21 MP: 0/6
  1247 | D:2      | Reached skill level 4 in Fire Magic
  1248 | D:2      | Reached XP level 4. HP: 12/27 MP: 3/7
  1679 | D:2      | Found a white marble altar of Elyvilon.
  2740 | D:3      | Reached XP level 5. HP: 21/31 MP: 2/9
  3802 | D:4      | Reached skill level 5 in Fire Magic
  3841 | D:4      | Reached XP level 6. HP: 36/36 MP: 10/10
  4808 | D:4      | Noticed an orc warrior
  4814 | D:4      | Reached XP level 7. HP: 41/41 MP: 12/12
  4834 | D:4      | HP: 2/41 [orc priest/divine providence (14)]
  5345 | D:4      | Reached skill level 6 in Fire Magic
  5587 | D:5      | Entered Level 5 of the Dungeon
  6199 | D:5      | Learned a level 3 spell: Conjure Flame
  6372 | D:5      | Reached XP level 8. HP: 46/46 MP: 14/14
  6402 | D:5      | Found a staircase to the Ecumenical Temple.
  6413 | Temple   | Entered the Ecumenical Temple
  6715 | Temple   | Became a worshipper of Hepliaklqana the Forgotten
  6772 | D:6      | Reached skill level 1 in Shields
  6772 | D:6      | Reached skill level 7 in Fire Magic
  7269 | D:6      | Reached skill level 5 in Spellcasting
  7269 | D:6      | Reached skill level 5 in Conjurations
  7413 | D:6      | Reached skill level 8 in Fire Magic
  7610 | D:6      | Reached XP level 9. HP: 36/45 MP: 13/16
  7698 | D:6      | Noticed Edmund
  7707 | D:6      | Killed Edmund
  7748 | D:6      | Found a sacrificial altar of Ru.
  7907 | D:6      | Reached skill level 9 in Fire Magic
  8131 | D:7      | Noticed Menkaure
  8138 | D:7      | Killed Menkaure
  8139 | D:7      | Reached skill level 1 in Fighting
  8299 | D:7      | Reached * piety under Hepliaklqana
  8840 | D:7      | Found a runed translucent door.
  8841 | D:7      | Noticed Crazy Yiuf
  9546 | D:8      | Got a steaming dagger
  9547 | D:8      | Identified the +3 dagger "Blob" {venom, rC+ Int+5} (You
                  | found it on level 8 of the Dungeon)
  9724 | D:8      | Demolished by an orc warrior

Illustrated notes

Levels and vault maps discovered:
D:1:      wander_arrival_estate, layout_loops_ring
D:2:      layout_basic, elyvilon_altar_4
D:3:      layout_basic, minmay_statues_item, grunt_ministairs_2
D:4:      layout_basic, serial_undead, serial_undead_e, serial_undead_c,
          serial_undead_f, serial_undead_f, guppyfry_early_orc_mine
D:5:      layout_rooms, minmay_temple_entry_statues_pillars, feat_on_display
D:6:      layout_cave_pools, overflow_temple_1_default, minmay_bent, uniq_edmund
D:7:      layout_basic, uniq_menkaure, uniq_crazy_yiuf_cottage
D:8:      layout_gridville, lemuel_flame_loot_1
Temple:   roderic_octagonal_lattice_temple

Skill      XL: |  1  2  3  4  5  6  7  8  9 |
---------------+----------------------------+-----
Fire Magic     | 4 5 6 8 9 |  9.5
Conjurations   | 2 3 4 5 6 |  6.0
Spellcasting   | 3 4 5 |  5.0
Shields        | 3 4 |  4.0
Fighting       | 3 |  3.0
Dodging        | 3 |  3.7
Stealth        | |  2.6

Action                   |  1- 3 |  4- 6 |  7- 9 || total
-------------------------+-------+-------+-------++-------
Melee: Unarmed           |    40 |     9 |       ||    49
       Constrict         |    15 |     8 |     2 ||    25
       Tentacles         |     7 |     7 |     4 ||    18
       Dagger            |       |    20 |     9 ||    29
       Long sword        |       |       |     2 ||     2
 Cast: Foxfire           |    41 |   178 |   402 ||   621
       Conjure Flame     |       |       |     2 ||     2
  Use: Potion            |     2 |     3 |       ||     5
 Stab: Sleeping          |     1 |       |       ||     1
Armor: Skin              |     2 |     2 |     3 ||     7
Dodge: Dodged            |    29 |    35 |    26 ||    90
Block: Buckler           |       |       |     2 ||     2

Table legend: (Time is in decaauts)
 A = Elapsed time spent in this place.
 B = Non-inter-level travel time spent in this place.
 C = Inter-level travel time spent in this place.
 D = Time resting spent in this place.
 E = Time spent auto-exploring this place.
 F = Levels seen in this place.
 G = Mean time per level.
                   A        B        C        D        E       F      G
               +--------+--------+--------+--------+--------+-----+--------+
         Total |   9721 |   9487 |    234 |    965 |   7335 |   9 | 1080.1 |
       Dungeon |   9401 |   9202 |    199 |    965 |   7060 |   8 | 1175.1 |
        Temple |    319 |    284 |     35 |      0 |    275 |   1 |  319.0 |
               +--------+--------+--------+--------+--------+-----+--------+

Top non-repeatable levels by time:
     D:3: 1859 daAuts
     D:4: 1463 daAuts
     D:2: 1431 daAuts
     D:7: 1330 daAuts
     D:6: 1293 daAuts
     D:5: 860 daAuts
     D:1: 832 daAuts
     D:8: 332 daAuts
  Temple: 319 daAuts
